NYP
HUDSON VALLEY RENEGADES @ LOWELL SPINNERS
08/16/2049
 
TOP OF THE 1ST
Hudson Valley Renegades batting - Pitching for Lowell Spinners : LHP Tara Kawashima
Pitching: LHP Tara Kawashima
Batting: SHB Chris Lockart 0-0: Called Strike
0-1: Ball
1-1: Swinging Strike
1-2: Ball
2-2: Strikes out swinging
Batting: SHB Joshua Jackson 0-0: Reached on error, E2 (Groundball, 2R, EV 72.5 MPH)
Batting: RHB Alex Koral 0-0: Foul Ball, location: 2F
0-1: Fly out, F4 (Popup, 4S, EV 76.9 MPH)
Batting: RHB Kunizo Yanagisawa 0-0: Called Strike
0-1: Ball
1-1: Ball
2-1: Ball
3-1: Base on Balls
Joshua Jackson to second
Batting: LHB Jonathan Spino 0-0: Ball
1-0: Foul Ball, location: 2F
1-1: Foul Ball, location: 2F
1-2: Foul Ball, location: 2F
1-2: Strikes out looking
Top of the 1st over - 0 runs, 0 hits, 1 error, 2 left on base; Hudson Valley 0 - Lowell 0
BOTTOM OF THE 1ST
Lowell Spinners batting - Pitching for Hudson Valley Renegades : LHP Alex Viera
Pitching: LHP Alex Viera
Batting: LHB Eric Gaugler 0-0: Called Strike
0-1: Foul Ball, location: 2F
0-2: Ground out U3 (Groundball, 3L, EV 103.8 MPH)
Batting: RHB Bakhtiar Asadov 0-0: Foul Ball, location: 2F
0-1: Ball
1-1: Foul Ball, location: 2F
1-2: Strikes out looking
Batting: LHB Javier Cajina 0-0: Ball
1-0: Ball
2-0: Foul Ball, location: 2F
2-1: Fly out, F8 (Flyball, 8RM, EV 84.4 MPH)
Bottom of the 1st over - 0 runs, 0 hits, 0 errors, 0 left on base; Hudson Valley 0 - Lowell 0
TOP OF THE 2ND
Hudson Valley Renegades batting - Pitching for Lowell Spinners : LHP Tara Kawashima
Batting: RHB Wan-ling Zhu 0-0: Called Strike
0-1: Ball
1-1: Called Strike
1-2: Foul Ball, location: 2F
1-2: Foul Ball, location: 2F
1-2: Fly out, F6 (Line Drive, 6, EV 71.9 MPH)
Batting: RHB Mikey Sano 0-0: Fly out, F9 (Flyball, 9LSF, EV 90.6 MPH)
Batting: RHB Joe Hartigan 0-0: Called Strike
0-1: Ground out U3 (Groundball, 34, EV 108.8 MPH)
Top of the 2nd over - 0 runs, 0 hits, 0 errors, 0 left on base; Hudson Valley 0 - Lowell 0
BOTTOM OF THE 2ND
Lowell Spinners batting - Pitching for Hudson Valley Renegades : LHP Alex Viera
Batting: RHB Dominique Paolozzi 0-0: SINGLE (Line Drive, 7S, EV 101.9 MPH)
Batting: RHB Tony Gallegos 0-0: Ball
1-0: Called Strike
1-1: Ball
2-1: Foul Ball, location: 2F
2-2: Grounds into double play, 3-6-3 (Groundball, 34, EV 77.5 MPH)
Batting: RHB Willie Camacho 0-0: Ball
1-0: Ball
2-0: Ball
3-0: Called Strike
3-1: SINGLE (Groundball, 56D, EV 98.8 MPH)
Batting: RHB Mike Strey 0-0: Ball
1-0: Called Strike
1-1: Foul Ball, location: 2F
1-2: Strikes out swinging
Bottom of the 2nd over - 0 runs, 2 hits, 0 errors, 1 left on base; Hudson Valley 0 - Lowell 0
TOP OF THE 3RD
Hudson Valley Renegades batting - Pitching for Lowell Spinners : LHP Tara Kawashima
Batting: RHB Chris Glavin 0-0: Swinging Strike
0-1: Foul Ball, location: 2F
0-2: Foul Ball, location: 2F
0-2: Ball
1-2: Fly out, F8 (Flyball, 8LD, EV 103.8 MPH)
Batting: SHB Chris Lockart 0-0: Called Strike
0-1: SINGLE (Groundball, 6MD, EV 104.4 MPH)
Batting: SHB Joshua Jackson 0-0: Foul Ball, location: 2F
0-1: Ball
Chris Lockart steals 2nd base
1-1: Ball
2-1: Ball
3-1: Base on Balls
Batting: RHB Alex Koral 0-0: Foul Ball, location: 2F
0-1: Ball
1-1: Fielders Choice at 2nd, 6-4 (Groundball, 6, EV 97.5 MPH)
Chris Lockart to third
Batting: RHB Kunizo Yanagisawa 0-0: Called Strike
0-1: Ball
1-1: Foul Ball, location: 2F
1-2: Ball
2-2: Ball
3-2: Base on Balls
Alex Koral to second
Batting: LHB Jonathan Spino 0-0: Ball
1-0: Ball
Wild Pitch!
Chris Lockart scores
Alex Koral to third
Kunizo Yanagisawa to second
2-0: Ball
3-0: Foul Ball, location: 2F
3-1: Foul Ball, location: 2F
3-2: SINGLE (Flyball, 89S, EV 84.4 MPH)
Alex Koral scores
Kunizo Yanagisawa to third
Runner from 3rd tries for Home, throw by RF and OUT! 9-2
Top of the 3rd over - 2 runs, 2 hits, 0 errors, 1 left on base; Hudson Valley 2 - Lowell 0
BOTTOM OF THE 3RD
Lowell Spinners batting - Pitching for Hudson Valley Renegades : LHP Alex Viera
Batting: RHB Rogelio Cervantes 0-0: Reached on error, E4 (Groundball, 4, EV 104.4 MPH)
Batting: RHB Roger Mitchell 0-0: Called Strike
Rogelio Cervantes is caught stealing 2nd base 2-4
0-1: Called Strike
0-2: Ball
1-2: Fly out, F8 (Flyball, 8RD, EV 103.1 MPH)
Batting: LHB Eric Gaugler 0-0: Fly out, F9 (Flyball, 9, EV 88.1 MPH)
Bottom of the 3rd over - 0 runs, 0 hits, 1 error, 0 left on base; Hudson Valley 2 - Lowell 0
TOP OF THE 4TH
Hudson Valley Renegades batting - Pitching for Lowell Spinners : LHP Tara Kawashima
Batting: RHB Wan-ling Zhu 0-0: Ball
1-0: Ball
2-0: Ball
3-0: Called Strike
3-1: Base on Balls
Batting: RHB Mikey Sano 0-0: Called Strike
0-1: Fly out, F9 (Flyball, 9, EV 87.5 MPH)
Batting: RHB Joe Hartigan 0-0: Fly out, F8 (Flyball, 8RM, EV 83.8 MPH)
Batting: RHB Chris Glavin 0-0: Swinging Strike
0-1: Called Strike
0-2: Strikes out looking
Top of the 4th over - 0 runs, 0 hits, 0 errors, 1 left on base; Hudson Valley 2 - Lowell 0
BOTTOM OF THE 4TH
Lowell Spinners batting - Pitching for Hudson Valley Renegades : LHP Alex Viera
Batting: RHB Bakhtiar Asadov 0-0: Ball
1-0: Ground out 4-3 (Groundball, 4, EV 85.0 MPH)
Batting: LHB Javier Cajina 0-0: Foul Ball, location: 2F
0-1: Ball
1-1: Ground out 5-3 (Groundball, 5, EV 88.1 MPH)
Batting: RHB Dominique Paolozzi 0-0: Ball
1-0: DOUBLE (Line Drive, 7LM, EV 101.2 MPH)
Batting: RHB Tony Gallegos 0-0: Called Strike
0-1: Called Strike
0-2: Ball
1-2: Ball
2-2: Ground out 5-3 (Groundball, 56S, EV 73.8 MPH)
Bottom of the 4th over - 0 runs, 1 hit, 0 errors, 1 left on base; Hudson Valley 2 - Lowell 0
TOP OF THE 5TH
Hudson Valley Renegades batting - Pitching for Lowell Spinners : LHP Tara Kawashima
Batting: SHB Chris Lockart 0-0: Ball
1-0: Foul Ball, location: 2F
1-1: Called Strike
1-2: Ball
2-2: Foul Ball, location: 2F
2-2: Reached via error on a dropped throw from 1B, E1 (Groundball, 34, EV 106.9 MPH)
Batting: SHB Joshua Jackson 0-0: Called Strike
0-1: Ball
1-1: Ball
2-1: Foul Ball, location: 2F
2-2: Ball
Chris Lockart steals 2nd base
3-2: Base on Balls
Batting: RHB Alex Koral 0-0: Ball
1-0: Foul Ball, location: 2F
1-1: 3-RUN HOME RUN (Flyball, 9D, EV 97.5 MPH), Distance : 378 ft
Pitching: RHP Jose Abanto
Batting: RHB Kunizo Yanagisawa 0-0: Ball
1-0: Fly out, F9 (Flyball, 9D, EV 90.0 MPH)
Batting: LHB Jonathan Spino 0-0: Called Strike
0-1: Ball
1-1: Foul Ball, location: 2F
1-2: Ground out 4-3 (Groundball, 4, EV 79.4 MPH)
Batting: RHB Wan-ling Zhu 0-0: Ball
1-0: Ball
2-0: Ball
3-0: Swinging Strike
3-1: Swinging Strike
3-2: Base on Balls
Batting: RHB Mikey Sano 0-0: Called Strike
Wan-ling Zhu steals 2nd base
0-1: Foul Ball, location: 2F
0-2: Hit by Pitch
Batting: RHB Joe Hartigan 0-0: Foul Ball, location: 2F
0-1: Swinging Strike
0-2: Ball
1-2: Strikes out swinging
Top of the 5th over - 3 runs, 1 hit, 1 error, 2 left on base; Hudson Valley 5 - Lowell 0
BOTTOM OF THE 5TH
Lowell Spinners batting - Pitching for Hudson Valley Renegades : LHP Alex Viera
Batting: RHB Willie Camacho 0-0: Ball
1-0: SOLO HOME RUN (Flyball, 7LD, EV 95.6 MPH), Distance : 358 ft
Batting: RHB Mike Strey 0-0: Ball
1-0: Ball
2-0: Foul Ball, location: 2F
2-1: Swinging Strike
2-2: Foul Ball, location: 2F
2-2: Ball
3-2: Base on Balls
Batting: RHB Rogelio Cervantes 0-0: Foul Ball, location: 2F
0-1: Swinging Strike
0-2: Ball
1-2: Foul Ball, location: 2F
1-2: Foul Ball, location: 2F
1-2: Hit by Pitch
Mike Strey to second
Batting: RHB Roger Mitchell 0-0: Ball
1-0: Ball
2-0: Ball
3-0: Called Strike
3-1: Base on Balls
Mike Strey to third
Rogelio Cervantes to second
Batting: LHB Eric Gaugler 0-0: Called Strike
0-1: Called Strike
0-2: Ball
1-2: Foul Ball, location: 2F
1-2: Fielders Choice at 2nd, 6-4 (Groundball, 6, EV 103.8 MPH)
Mike Strey scores
Rogelio Cervantes to third
Batting: RHB Bakhtiar Asadov 0-0: SINGLE (Groundball, 25, EV 65.6 MPH) (infield hit)
Eric Gaugler to second
Batting: LHB Javier Cajina 0-0: Ball
1-0: Swinging Strike
1-1: Foul Ball, location: 2F
1-2: Grounds into double play, 6-4-3 (Groundball, 6, EV 90.0 MPH)
Bottom of the 5th over - 2 runs, 2 hits, 0 errors, 2 left on base; Hudson Valley 5 - Lowell 2
TOP OF THE 6TH
Hudson Valley Renegades batting - Pitching for Lowell Spinners : RHP Jose Abanto
Batting: RHB Chris Glavin 0-0: Ball
1-0: Ground out 6-3 (Groundball, 56, EV 85.6 MPH)
Batting: SHB Chris Lockart 0-0: Called Strike
0-1: Ball
1-1: Swinging Strike
1-2: Strikes out swinging
Batting: SHB Joshua Jackson 0-0: Called Strike
0-1: Foul Ball, location: 2F
0-2: Strikes out looking
Top of the 6th over - 0 runs, 0 hits, 0 errors, 0 left on base; Hudson Valley 5 - Lowell 2
BOTTOM OF THE 6TH
Lowell Spinners batting - Pitching for Hudson Valley Renegades : LHP Alex Viera
Batting: RHB Dominique Paolozzi 0-0: Ball
1-0: Ball
2-0: Called Strike
2-1: SINGLE (Line Drive, 34, EV 102.5 MPH)
Batting: RHB Tony Gallegos 0-0: Ball
1-0: Ball
2-0: Called Strike
2-1: Ball
3-1: Foul Ball, location: 2F
3-2: Hit by Pitch
Dominique Paolozzi to second
Batting: RHB Willie Camacho 0-0: Foul Ball, location: 2F
0-1: Ball
1-1: Ball
2-1: Foul Ball, location: 2F
2-2: Ball
3-2: SINGLE (Groundball, 6MD, EV 106.9 MPH)
Dominique Paolozzi to third
Tony Gallegos to second
Batting: RHB Mike Strey 0-0: Ball
1-0: Ball
2-0: Foul Ball, location: 2F
2-1: Foul Ball, location: 2F
2-2: Ball
3-2: Foul Ball, location: 2F
3-2: Base on Balls
Dominique Paolozzi scores
Tony Gallegos to third
Willie Camacho to second
Pinch Hitting: RHB Mike Rosa 0-0: Foul Ball, location: 2F
0-1: Ball
1-1: Foul Ball, location: 2F
1-2: GRAND SLAM HOME RUN (Flyball, 9D, EV 100.6 MPH), Distance : 391 ft
Pitching: RHP Takenori Iwata
Batting: RHB Roger Mitchell 0-0: Ball
1-0: Swinging Strike
1-1: Swinging Strike
1-2: Strikes out swinging
Batting: LHB Eric Gaugler 0-0: Called Strike
0-1: Ball
1-1: Ball
2-1: Fly out, F9 (Line Drive, 89M, EV 91.9 MPH)
Batting: RHB Bakhtiar Asadov 0-0: Ball
1-0: Ball
2-0: Swinging Strike
2-1: Foul Ball, location: 2F
2-2: Ball
3-2: Base on Balls
Batting: LHB Javier Cajina 0-0: Ball
1-0: Called Strike
1-1: Foul Ball, location: 2F
1-2: Strikes out swinging
Bottom of the 6th over - 5 runs, 3 hits, 0 errors, 1 left on base; Hudson Valley 5 - Lowell 7
TOP OF THE 7TH
Hudson Valley Renegades batting - Pitching for Lowell Spinners : RHP Jose Abanto
Now at SS: Mike Rosa
Batting: RHB Alex Koral 0-0: Called Strike
0-1: Ball
1-1: Swinging Strike
1-2: Ball
2-2: Strikes out swinging
Batting: RHB Kunizo Yanagisawa 0-0: Ball
1-0: Foul Ball, location: 2F
1-1: Foul Ball, location: 2F
1-2: Strikes out looking
Batting: LHB Jonathan Spino 0-0: Foul Ball, location: 2F
0-1: Called Strike
0-2: Ball
1-2: Strikes out swinging
Top of the 7th over - 0 runs, 0 hits, 0 errors, 0 left on base; Hudson Valley 5 - Lowell 7
BOTTOM OF THE 7TH
Lowell Spinners batting - Pitching for Hudson Valley Renegades : RHP Takenori Iwata
Batting: RHB Dominique Paolozzi 0-0: Called Strike
0-1: Fly out, F3 (Popup, 23F, EV 76.2 MPH)
Batting: RHB Tony Gallegos 0-0: Ball
1-0: Ball
2-0: Called Strike
2-1: Ball
3-1: Foul Ball, location: 2F
3-2: Ground out 4-3 (Groundball, 4, EV 80.0 MPH)
Batting: RHB Willie Camacho 0-0: Called Strike
0-1: Ball
1-1: Ground out 6-3 (Groundball, 6M, EV 101.2 MPH)
Bottom of the 7th over - 0 runs, 0 hits, 0 errors, 0 left on base; Hudson Valley 5 - Lowell 7
TOP OF THE 8TH
Hudson Valley Renegades batting - Pitching for Lowell Spinners : RHP Jose Abanto
Batting: RHB Wan-ling Zhu 0-0: Foul Ball, location: 2F
0-1: Foul Ball, location: 2F
0-2: Ball
1-2: Ball
2-2: Ball
3-2: Foul Ball, location: 2F
3-2: Foul Ball, location: 2F
3-2: Foul Ball, location: 2F
3-2: Ground out 2-3 (Groundball, 13S, EV 65.6 MPH)
Batting: RHB Mikey Sano 0-0: Ball
1-0: Called Strike
1-1: Ball
2-1: DOUBLE (Line Drive, 89D, EV 106.9 MPH)
Pitching: LHP Ken Berger
Batting: RHB Joe Hartigan 0-0: Called Strike
0-1: Ball
1-1: Ball
2-1: Swinging Strike
2-2: Foul Ball, location: 2F
2-2: Strikes out swinging
Batting: RHB Chris Glavin 0-0: Called Strike
0-1: Called Strike
0-2: Strikes out swinging
Top of the 8th over - 0 runs, 1 hit, 0 errors, 1 left on base; Hudson Valley 5 - Lowell 7
BOTTOM OF THE 8TH
Lowell Spinners batting - Pitching for Hudson Valley Renegades : RHP Takenori Iwata
Batting: RHB Mike Strey 0-0: Ball
1-0: Called Strike
1-1: Ball
2-1: Ball
3-1: Base on Balls
Batting: RHB Mike Rosa 0-0: Bunt missed!
0-1: Sac Bunt to 5S - play at first, batter OUT! 5-3
Mike Strey to second
Batting: RHB Roger Mitchell 0-0: Ball
1-0: Ball
2-0: Ball
3-0: Called Strike
3-1: Ground out 6-3 (Groundball, 56, EV 85.6 MPH)
Batting: LHB Eric Gaugler 0-0: Ball
1-0: Swinging Strike
1-1: Swinging Strike
1-2: DOUBLE (Line Drive, 89D, EV 105.6 MPH)
Mike Strey scores
Batting: RHB Bakhtiar Asadov 0-0: Called Strike
Eric Gaugler is caught stealing 3rd base 2-5
Bottom of the 8th over - 1 run, 1 hit, 0 errors, 0 left on base; Hudson Valley 5 - Lowell 8
TOP OF THE 9TH
Hudson Valley Renegades batting - Pitching for Lowell Spinners : LHP Ken Berger
Batting: SHB Chris Lockart 0-0: Foul Ball, location: 2F
0-1: Called Strike
0-2: Ball
1-2: Strikes out swinging
Batting: SHB Joshua Jackson 0-0: Ball
1-0: Ball
2-0: Called Strike
2-1: Ground out 4-3 (Groundball, 4, EV 103.8 MPH)
Batting: RHB Alex Koral 0-0: Ball
1-0: Called Strike
1-1: Foul Ball, location: 2F
1-2: Strikes out looking
Top of the 9th over - 0 runs, 0 hits, 0 errors, 0 left on base; Hudson Valley 5 - Lowell 8
Sunday, July 16th , 2023 - OOTP Baseball 24.6 Build 69